Map: Invader LE

Players

capac - Winner!

  • Race: Terran Terran
  • League: Gold

Pitufo

  • Race: Protoss Protoss
  • League: Gold

VOD

Have the link to the VOD?

Description

Time

  • Played on: May 3, 2016, 12:41 p.m.
  • Length: 23:09
Show
View Real Time Build Order
Export as new Build Order

capac Terran - Winner!

Build Orders: Reaper Expand, MMM Bio 

Get SALT Encoding   

  12  0:01  SCV  
  13  0:13  SCV  
  14  0:18  Supply Depot  
  14  0:25  SCV  
  15  0:40  SCV  
  15  0:41  Barracks  
  16  0:45  Refinery  
  16  0:52  SCV  
  18  1:04  SCV  
  18  1:16  SCV  
  19  1:29  Reaper  
  19  1:30  Orbital Command  
  20  1:42  Command Center  
  20  1:55  Supply Depot, SCV  
  21  2:01  Marine  
  22  2:12  Factory, SCV  
  22  2:15  Refinery  
  23  2:25  Barracks  
  23  2:29  SCV  
  24  2:40  Barracks Reactor  
  24  2:42  SCV  
  25  2:56  Factory Tech Lab  
  25  3:02  SCV  
  25  3:03  Starport  
  25  3:04  Orbital Command  
  26  3:15  SCV  
  26  3:17  Barracks Tech Lab  
  26  3:18  Marine x2  
  29  3:28  Refinery, SCV  
  29  3:33  SCV  
  31  3:35  Siege Tank  
  31  3:36  Marine  
  35  3:44  Medivac  
  35  3:46  SCV  
  35  3:47  SCV  
  39  3:56  Marine  
  39  3:57  Marine x2  
  39  4:00  Stimpack  
  42  4:07  SCV x2  
  44  4:19  SCV  
  44  4:20  SCV  
  46  4:29  Barracks  
  46  4:30  Barracks  
  46  4:36  Refinery  
  46  4:42  Marine x3, Siege Tank, SCV x2  
  46  4:43  Supply Depot  
  46  4:44  Supply Depot  
  54  4:53  Engineering Bay  
  54  5:05  Marine x3, SCV x2  
  59  5:15  Supply Depot  
  59  5:17  SCV x2  
  61  5:26  Barracks Reactor  
  61  5:37  Marine x2, SCV x2  
  61  5:40  Barracks Reactor  
  65  5:43  Supply Depot, Starport Reactor  
  65  5:44  Terran Infantry Weapons Level 1  
  65  5:49  SCV x2  
  67  5:51  Marine  
  67  5:54  Siege Tank  
  71  6:00  Supply Depot  
  58  6:26  Missile Turret x2  
  58  6:28  Missile Turret  
  58  6:29  Missile Turret  
  58  6:32  SCV x2  
  60  6:35  Marine x5  
  60  6:36  Marine  
  45  7:04  Marine x2  
  45  7:05  Marine x3  
  45  7:06  Liberator  
  49  7:15  Marine  
  48  7:17  Missile Turret  
  46  7:23  Medivac  
  50  7:42  SCV x2  
  50  7:44  Siege Tank  
  55  7:47  Missile Turret  
  55  7:54  SCV x2  
  57  7:59  Marine x2  
  59  8:06  SCV x2  
  61  8:18  SCV x2  
  57  8:37  Liberator x2  
  57  8:44  SCV x2  
  63  9:05  Marine  
  63  9:06  Marine x3, Barracks Reactor  
  67  9:12  Marine  
  67  9:16  SCV x2  
  70  9:23  Marine x2  
  72  9:26  Command Center  
  72  9:27  Refinery  
  72  9:29  Refinery  
  72  9:31  Liberator x2  
  72  9:42  Marine x5  
  72  9:43  Marine  
  84  9:52  Starport  
  84  9:58  Marine  
  84  9:59  Marine  
  82  10:06  Marine x3  
  86  10:11  Supply Depot  
  86  10:13  Supply Depot  
  86  10:14  Terran Infantry Armor Level 1  
  86  10:15  Combat Shields  
  86  10:32  Marine x2  
  86  10:33  SCV x2  
  90  10:45  SCV  
  91  10:50  SCV  
  93  10:57  Marine, SCV  
  93  10:58  Marine x6  
  93  11:03  Starport Reactor  
  100  11:06  Starport Reactor  
  100  11:11  Supply Depot  
  100  11:13  Supply Depot  
  100  11:15  Supply Depot  
  100  11:20  Orbital Command  
  100  11:30  Liberator x2  
  100  11:31  Liberator x2  
  100  11:32  Missile Turret  
  83  12:10  Marine  
  83  12:11  Marine x6  
  83  12:13  SCV x2  
  89  12:21  Supply Depot  
  89  12:24  Supply Depot  
  89  12:25  SCV  
  89  12:26  SCV  
  89  12:28  Marine  
  89  12:29  Marine x3  
  95  12:30  Siege Tank  
  95  12:34  Medivac x3  
  95  12:35  Medivac  
  95  12:36  Marine x3  
  109  12:49  Marine, Missile Turret  
  109  12:50  Marine x3  
  113  12:53  Supply Depot  
  113  12:58  Liberator x2  
  113  12:59  Liberator  
  113  13:01  Refinery  
  113  13:02  Refinery  
  113  13:03  Siege Tank  
  116  13:10  Marine x7  
  131  13:36  Liberator  
  131  13:39  Marine  
  131  13:40  Marine x6  
  129  13:49  SCV x2  
  129  13:50  SCV  
  135  13:57  Marine  
  135  13:58  Marine  
  135  14:00  Missile Turret  
  135  14:01  SCV  
  135  14:02  SCV  
  139  14:09  Liberator  
  139  14:22  Sensor Tower  
  139  14:23  Command Center  
  142  14:47  Marine  
  142  14:48  Marine x5  
  142  14:49  Marine  
  149  15:08  Liberator  
  149  15:09  Liberator, SCV x2  
  149  15:10  SCV  
  152  15:16  Barracks  
  152  15:19  Armory  
  152  15:21  Supply Depot, Barracks  
  152  15:24  Barracks  
  158  15:49  Supply Depot, Missile Turret  
  158  15:51  Marine  
  158  15:52  Marine x6  
  165  16:09  Marine x3, Barracks Reactor  
  165  16:10  Marine x3  
  165  16:11  Barracks Reactor, Missile Turret  
  171  16:12  Barracks Reactor, Missile Turret  
  171  16:16  Barracks  
  171  16:24  Missile Turret  
  171  16:33  Starport  
  171  16:34  Terran Infantry Weapons Level 2  
  171  16:40  Starport  
  171  16:41  Planetary Fortress  
  171  16:54  Marine x2  
  171  16:55  Marine x6  
  171  16:56  Marine x2  
  171  16:57  Marine x2  
  183  17:02  Missile Turret  
  183  17:07  Supply Depot  
  183  17:11  Supply Depot  
  183  17:12  Starport Reactor  
  183  17:22  Starport Reactor  
  183  17:27  Supply Depot  
  183  17:28  Liberator x2  
  183  17:29  Supply Depot  
  183  17:43  Medivac x2  
  193  17:55  Terran Ship Weapons Level 1  
  193  18:00  Engineering Bay  
  193  18:06  Armory  
  150  18:44  Marine x13  
  135  19:01  Marine  
  135  19:02  Marine x12  
  146  19:05  Barracks Reactor  
  148  19:19  Marine  
  148  19:20  Marine x7  
  156  19:36  Marine  
  156  19:37  Marine x7  
  156  19:38  Marine x5  
  152  19:57  Marine  
  152  19:58  Marine x4  
  146  20:06  Marine  
  147  20:07  Marine x9  
  156  20:15  Marine x2  
  156  20:16  Marine x3  
  160  20:24  Marine  
  160  20:25  Marine x6  
  148  21:09  Marine x5  
  148  21:10  Marine x10  
  157  21:27  Marine x10  
  157  21:28  Marine  
  165  21:41  Marine x4  
  165  21:44  Marine  
  165  21:45  Marine x10  
  179  21:47  Medivac x3  
  179  21:48  Medivac x2  
  189  21:58  Marine  
  189  21:59  Marine x3  
  193  22:02  Marine  
  193  22:03  Marine x6  
  184  22:27  Marine x12  
  184  22:28  Marine x3  
  191  22:34  Command Center  
Show
View Real Time Build Order
Export as new Build Order

Pitufo Protoss 

Build Orders: Dark Templar Rush 

Get SALT Encoding   

  12  0:01  Probe (Chrono Boost)  
  13  0:11  Probe (Chrono Boost)  
  14  0:19  Pylon  
  14  0:23  Probe (Chrono Boost)  
  15  0:37  Probe (Chrono Boost)  
  15  0:40  Gateway  
  16  0:45  Assimilator  
  16  0:48  Probe (Chrono Boost)  
  17  0:54  Assimilator  
  17  1:00  Probe (Chrono Boost)  
  18  1:11  Probe (Chrono Boost)  
  19  1:21  Probe (Chrono Boost)  
  20  1:27  Cybernetics Core  
  20  1:35  Probe (Chrono Boost)  
  21  1:52  Nexus  
  21  2:00  Pylon  
  21  2:11  Adept  
  23  2:19  Mothership Core (Chrono Boost)  
  24  2:42  Twilight Council  
  24  2:47  Robotics Facility  
  24  2:53  Pylon  
  24  2:56  Warp Gate  
  24  3:00  Probe (Chrono Boost)  
  24  3:05  Probe (Chrono Boost)  
  26  3:17  Stalker  
  28  3:21  Probe (Chrono Boost)  
  28  3:23  Probe (Chrono Boost)  
  30  3:32  Probe (Chrono Boost)  
  30  3:34  Probe (Chrono Boost)  
  32  3:39  Dark Shrine  
  32  3:41  Observer  
  33  3:49  Probe (Chrono Boost)  
  34  3:57  Pylon  
  34  3:59  Probe (Chrono Boost)  
  34  4:02  Probe (Chrono Boost)  
  36  4:10  Probe (Chrono Boost)  
  36  4:12  Probe (Chrono Boost)  
  36  4:27  Gateway x2  
  36  4:31  Gateway  
  36  4:32  Pylon  
  36  4:34  Assimilator  
  36  4:41  Warp Prism (Chrono Boost)  
  38  4:53  Pylon  
  38  4:59  Blink  
  38  5:01  Probe  
  39  5:10  Assimilator  
  39  5:23  Dark Templar  
  39  5:25  Probe  
  42  5:35  Dark Templar x3  
  48  5:48  Probe x2  
  50  5:58  Probe  
  50  5:59  Forge  
  50  6:00  Probe  
  50  6:01  Gateway  
  52  6:04  Gateway  
  50  6:12  Probe  
  45  6:33  Dark Templar x3  
  45  6:34  Dark Templar  
  53  7:46  Protoss Ground Weapons Level 1 (Chrono Boost)  
  53  7:51  Probe  
  54  7:52  Gateway  
  54  7:54  Gateway  
  54  8:01  Stalker x2  
  54  8:02  Stalker x2  
  54  8:03  Probe  
  63  8:08  Stalker x2  
  63  8:11  Immortal (Chrono Boost)  
  71  8:13  Resonating Glaives, Nexus  
  71  8:17  Pylon  
  71  8:20  Pylon  
  71  8:22  Pylon  
  65  8:46  Immortal (Chrono Boost)  
  67  8:56  Probe  
  68  9:03  Pylon  
  68  9:04  Pylon  
  68  9:06  Pylon  
  68  9:09  Stalker x3  
  76  9:12  Stalker x3  
  76  9:15  Immortal (Chrono Boost)  
  82  9:24  Pylon  
  86  9:26  Pylon  
  84  9:32  Probe  
  85  9:40  Protoss Ground Armor Level 1 (Chrono Boost)  
  85  9:42  Probe, Pylon x2  
  85  9:45  Pylon  
  84  9:52  Assimilator  
  78  9:53  Assimilator  
  77  10:01  Immortal, Stalker x4  
  77  10:02  Stalker x3  
  95  10:07  Probe  
  96  10:19  Probe x3  
  99  10:24  Stalker  
  101  10:30  Probe  
  101  10:31  Probe x2  
  104  10:42  Pylon  
  104  10:43  Probe  
  104  10:44  Probe  
  106  10:54  Probe  
  106  10:56  Adept x3  
  106  10:57  Adept  
  112  11:31  Stalker  
  111  11:32  Adept  
  111  11:33  Adept x2  
  53  12:10  Adept x2  
  53  12:11  Adept x6  
  67  12:16  Probe  
  67  12:19  Probe, Protoss Ground Weapons Level 2 (Chrono Boost)  
  69  12:28  Probe  
  69  12:31  Probe  
  69  12:33  Immortal  
  70  12:40  Probe  
  70  12:41  Adept x6  
  70  12:42  Adept x2  
  91  12:45  Probe  
  92  12:56  Probe  
  93  12:59  Templar Archives  
  93  13:06  Probe  
  93  13:07  Immortal  
  98  13:19  Adept x4  
  106  13:20  Adept x4  
  82  13:44  Psionic Storm  
  82  13:48  High Templar x3  
  82  13:49  High Templar x5  
  82  13:53  Probe  
  82  13:54  Probe  
  100  14:02  Protoss Ground Armor Level 2  
  100  14:05  Probe  
  100  14:06  Probe  
  102  14:18  Probe  
  102  14:23  High Templar  
  102  14:24  Nexus  
  105  14:28  Pylon  
  105  14:29  Pylon  
  105  14:30  Probe  
  106  14:39  Assimilator x2  
  106  14:49  Stalker x4  
  106  14:50  Stalker  
  106  14:51  Stalker  
  106  14:52  Stalker  
  120  14:54  Pylon  
  120  15:07  Probe  
  120  15:09  Probe  
  122  15:16  Adept x2  
  122  15:17  Adept x4  
  122  15:18  Adept  
  136  15:26  Observer  
  137  15:41  Gateway x2  
  137  15:43  Probe  
  137  15:44  Observer  
  139  15:54  Probe  
  140  15:58  Adept x2  
  140  15:59  Adept x4  
  140  16:00  Warp Prism, Adept  
  156  16:16  Pylon  
  156  16:17  Probe  
  157  16:18  Pylon  
  157  16:24  High Templar  
  157  16:25  High Templar x3  
  165  16:26  High Templar  
  165  16:29  Probe, Archon x2  
  168  16:44  Stalker x2  
  168  16:45  Stalker  
  174  17:00  Stalker x2  
  178  17:01  Stalker  
  178  17:02  Stalker x3  
  178  17:03  Stalker  
  188  17:39  Adept x5  
  188  17:40  Adept  
  64  19:00  High Templar x5  
  64  19:01  High Templar x4  
  64  19:02  High Templar  
  82  19:33  Dark Templar x5  
  82  19:34  Dark Templar x2  
  59  20:08  Archon  
  59  20:09  Archon x2  
  55  20:16  Stalker x6  
  55  20:17  Stalker x4  
  63  20:56  Dark Templar x4  
  71  20:57  Dark Templar  
  58  21:38  Adept  
  58  21:39  Adept x6  
  69  21:40  Adept x3  
  63  21:59  Adept  
  63  22:00  Adept x4  
  63  22:01  Adept x3  
  70  22:02  Adept x2  
  51  22:29  Zealot x4  
  35  22:30  Zealot x2  
  35  22:31  Zealot x4  
Tags
 
Add a new tag
Caveats
  • Supply blocks, unpowered buildings, or Contaminate may cause inaccurate times.
  • Supply counts are checked every 10 seconds.